 Dungeon Crawl Stone Soup version 0.30-a0-626-gd6a5dd7a1f (webtiles) character file.

Game seed: 3113984104802283082

387145 M4edhros the Spry (level 23, -18/139 HPs)
             Began as an Octopode Artificer on Jan 9, 2023.
             Was a High Priest of Cheibriados.
             Killed from afar by a Hell Sentinel (66 damage)
             ... with an iron shot
             ... on level 2 of the Abyss on Jan 11, 2023.
             The game lasted 02:50:23 (24370 turns).

M4edhros the Spry (Octopode Artificer)             Turns: 24370, Time: 02:50:24

Health: -18/139    AC:  1    Str: 27 (28) XL:     23   Next: 2%
Magic:  40/41      EV: 46    Int: 34      God:    Cheibriados [*****.]
Gold:   2013       SH: 23    Dex: 44      Spells: 5/51 levels left

rFire   + + .      SeeInvis +      - Unarmed
rCold   + + .      Faith    .    W - +4 kite shield
rNeg    + + .      Spirit   .    K - +0 mask of the Dragon {Will+ Slay+3 SInv}
rPois   +          Reflect  .    y - amulet of regeneration
rElec   .          Harm     .    G - ring "Reidios" {Fire Contam rN+ Int+7 Dex+2}
rCorr   +          Rampage  .    q - +6 ring of dexterity
Will    ++++.                    A - +4 ring of slaying
Stlth   ++++++++                 R - ring "Zoodd" {rC+ rN+ Str+6}
HPRegen 0.00/turn                c - ring "Fatrucio" {Wiz rC+ Will+ rCorr Slay+3}
MPRegen 0.27/turn                S - +5 ring of evasion
                                 T - ring "Puhuce Koluh" {rPois rC++ Dex+4}
                                 e - ring "Vatytilo" {Fire Fly Will+ Stlth+}

@: sick, flying, unable to read, very slow
A: almost no armour, amphibious, 8 rings, camouflage 1, gelatinous body 1,
(nimble swimmer 1), tentacles, deterioration 1, frail 1, sense surroundings 1,
poison resistance, wild magic 1, evolution 1, inability to read after injury 1
}: 2/15 runes: serpentine, silver
a: Renounce Religion, Bend Time, Temporal Distortion, Slouch, Step From Time


You were on level 2 of the Abyss.
You worshipped Cheibriados.
Cheibriados was extremely pleased with you.
You visited 9 branches of the dungeon, and saw 39 of its levels.
You visited the Abyss 1 time.
You also visited: Ossuary, Ice Cave, Wizlab and Desolation.

You collected 4723 gold pieces.
You spent 2710 gold pieces at shops.

Inventory:

Hand Weapons
 J - the +6 Majin-Bo {vamp, MP+6 Int+6}
   (You took it off Hellbinder in a wizard's laboratory)

   It heals its wielder for a portion of the damage dealt when they wound a
   living foe with it or with a spell.
   Its wielder's spells cost health as well as magical power.
   Int:       It affects your intelligence (+6).
   MP:        It affects your magic capacity (+6).
Missiles
 i - 6 curare-tipped darts (quivered)
 k - 2 throwing nets
 E - 23 atropa-tipped darts
 F - 5 silver javelins
Armour
 K - the +0 mask of the Dragon (worn) {Will+ Slay+3 SInv}
   (You bought it in a shop on level 2 of the Orcish Mines)

   Slay:      It affects your accuracy & damage with ranged weapons and melee
   (+3).
   SInv:      It lets you see invisible.
   Will:      It increases your willpower.
 W - a +4 kite shield (worn)
Jewellery
 c - the ring "Fatrucio" (on tentacle) {Wiz rC+ Will+ rCorr Slay+3}
   (You found it in a wizard's laboratory)

   [ring of wizardry]

   It improves your spell success rate.
   Slay:      It affects your accuracy & damage with ranged weapons and melee
   (+3).
   rC:        It protects you from cold.
   rCorr:     It protects you from acid and corrosion.
   Will:      It increases your willpower.
 d - the amulet of Lepeje {Spirit Regen+ rCorr Str+4 Dex-2}
   (You found it on level 5 of the Vaults)

   [amulet of guardian spirit]

   It causes incoming damage to be divided between your reserves of health and
   magic.
   Str:       It affects your strength (+4).
   Dex:       It affects your dexterity (-2).
   Regen:     It increases your rate of health regeneration.
   rCorr:     It protects you from acid and corrosion.
 e - the ring "Vatytilo" (on tentacle) {Fire Fly Will+ Stlth+}
   (You found it in the Desolation of Salt)

   [ring of fire]

   It enhances your fire magic.
   rF:        It protects you from fire.
   rC:        It makes you vulnerable to cold.
   Fly:       It grants you flight.
   Will:      It increases your willpower.
   Stlth:     It makes you more stealthy.
 m - the ring of Maxaot {rF+++ MP+9 Int-3 SInv Stlth-}
   (You took it off a deep elf high priest on level 3 of the Elven Halls)

   [ring of see invisible]

   Int:       It affects your intelligence (-3).
   rF:        It renders you almost immune to fire.
   MP:        It affects your magic capacity (+9).
   SInv:      It lets you see invisible.
   Stlth:     It makes you less stealthy.
 q - a +6 ring of dexterity (right tentacle)
 y - an amulet of regeneration (around mantle)
 A - a +4 ring of slaying (on tentacle)
 D - a ring of wizardry
 G - the ring "Reidios" (left tentacle) {Fire Contam rN+ Int+7 Dex+2}
   (You took it off a deep elf annihilator on level 3 of the Elven Halls)

   [ring of fire]

   It enhances your fire magic.
   Int:       It affects your intelligence (+7).
   Dex:       It affects your dexterity (+2).
   rF:        It protects you from fire.
   rC:        It makes you vulnerable to cold.
   rN:        It protects you from negative energy.
   Contam:    It causes magical contamination when unequipped.
 H - the ring of Oqurowic {rF+ Str+6 Stlth+}
   (You took it off a deep elf demonologist on level 3 of the Elven Halls)

   [ring of strength]

   Str:       It affects your strength (+6).
   rF:        It protects you from fire.
   Stlth:     It makes you more stealthy.
 R - the ring "Zoodd" (on tentacle) {rC+ rN+ Str+6}
   (You took it off a deep elf annihilator on level 3 of the Elven Halls)

   [ring of strength]

   Str:       It affects your strength (+6).
   rC:        It protects you from cold.
   rN:        It protects you from negative energy.
 S - a +5 ring of evasion (on tentacle)
 T - the ring "Puhuce Koluh" (on tentacle) {rPois rC++ Dex+4}
   (You bought it in a shop on level 2 of the Orcish Mines)

   [ring of poison resistance]

   Dex:       It affects your dexterity (+4).
   rC:        It greatly protects you from cold.
   rPois:     It protects you from poison.
Wands
 h - a wand of digging (12)
 j - a wand of acid (3)
 x - a wand of roots (10)
Scrolls
 g - 2 scrolls of fog
 l - 4 scrolls of fear
 n - a scroll of blinking
 p - 5 scrolls of teleportation
 r - 6 scrolls of poison
 v - a scroll of torment
 B - 2 scrolls of immolation
 C - 8 scrolls of enchant weapon
 I - 3 scrolls of silence
 N - 4 scrolls of vulnerability
 X - 2 scrolls of amnesia
 Z - a scroll of summoning
Potions
 a - 2 potions of might
 f - 7 potions of flight
 o - 4 potions of cancellation
 s - a potion of berserk rage
 t - 5 potions of invisibility
 u - a potion of magic
 w - 6 potions of curing
 z - 5 potions of attraction
 L - 2 potions of heal wounds
 M - 4 potions of mutation
 O - a potion of brilliance
 P - a potion of resistance
 Q - 2 potions of lignification
Miscellaneous
 b - a phantom mirror
 U - a condenser vane
 V - a tin of tremorstones (2/2)
 Y - a box of beasts


   Skills:
 - Level 12.4 Fighting
 - Level 17.0 Dodging
 - Level 10.6 Stealth
 - Level 14.0 Shields
 - Level 10.6 Unarmed Combat
 * Level 14.9 Spellcasting
 * Level 16.0 Summonings
 - Level 6.6 Translocations
 - Level 14.0 Transmutations
 - Level 7.4 Ice Magic
 - Level 9.0 Air Magic
 - Level 10.0 Poison Magic
 - Level 9.5 Invocations
 - Level 7.8 Evocations


You had 5 spell levels left.
You knew the following spells:

 Your Spells              Type           Power      Damage    Failure   Level
a - Wereblood             Tmut           100%       N/A       1%          2
b - Ozocubu's Armour      Ice            78%        N/A       1%          3
c - Gell's Gravitas       Tloc           74%        N/A       1%          3
d - Olgreb's Toxic Radia  Pois           89%        N/A       1%          4
e - Eringya's Noxious Bo  Tmut/Pois      48%        N/A       2%          6
f - Ignite Poison         Fire/Tmut/Pois 100%       N/A       1%          3
g - Apportation           Tloc           100%       N/A       1%          1
h - Summon Horrible Thin  Summ           54%        N/A       14%         8
i - Summon Lightning Spi  Summ/Air       97%        N/A       1%          4
j - Freezing Cloud        Conj/Ice/Air   34%        6-21      5%          5
k - Malign Gateway        Summ/Tloc      46%        N/A       13%         7

Your spell library contained the following spells:

 Spells                   Type           Power      Damage    Failure   Level
 Shock                    Conj/Air       100%       1d9       1%          1
 Sting                    Tmut/Pois      100%       1d8       1%          1
 Summon Small Mammal      Summ           100%       N/A       1%          1
 Blink                    Tloc           100%       N/A       1%          2
 Cigotuvi's Dreadful Rot  Necr/Pois/Air  100%       N/A       1%          2
 Momentum Strike          Conj/Tloc      100%       3d10      1%          2
 Poisonous Vapours        Pois/Air       100%       N/A       1%          2
 Static Discharge         Conj/Air       100%       2-7/arc   1%          2
 Call Canine Familiar     Summ           100%       N/A       1%          3
 Frozen Ramparts          Ice            100%       1d16      1%          3
 Hailstorm                Conj/Ice       60%        3d13      1%          3
 Kindle Blastsparks       Fire/Tloc/Air  100%       2d18      1%          3
 Lesser Beckoning         Tloc           100%       N/A       1%          3
 Mephitic Cloud           Conj/Pois/Air  73%        N/A       1%          3
 Summon Guardian Golem    Hex/Summ       81%        N/A       1%          3
 Swiftness                Air            85%        N/A       1%          3
 Teleport Other           Tloc           74%        N/A       1%          3
 Vhi's Electric Charge    Tloc/Air       100%       N/A       1%          3
 Airstrike                Air            42%        2d(7-23)  1%          4
 Ice Form                 Ice/Tmut       91%        N/A       1%          4
 Passage of Golubria      Tloc           74%        N/A       1%          4
 Petrify                  Tmut/Erth      76%        N/A       1%          4
 Summon Ice Beast         Ice/Summ       95%        N/A       1%          4
 Alistair's Intoxication  Tmut/Pois      64%        N/A       1%          5
 Blade Hands              Tmut           51%        N/A       1%          5
 Foxfire                  Conj/Fire      100%       2x1d9     2%          1
 Magic Dart               Conj           100%       1d8       2%          1
 Sandblast                Erth           66%        2d15      2%          1
 Slow                     Hex            100%       N/A       2%          1
 Summon Mana Viper        Hex/Summ       81%        N/A       2%          5
 Searing Ray              Conj           66%        2d6       3%          2
 Sublimation of Blood     Necr           33%        N/A       3%          2
 Iskenderun's Mystic Bla  Conj/Tloc      58%        2d12      4%          4
 Confusing Touch          Hex            33%        N/A       5%          3
 Inner Flame              Hex/Fire       65%        N/A       5%          3
 Stone Arrow              Conj/Erth      66%        3d11      5%          3
 Vampiric Draining        Necr           33%        2d8       5%          3
 Arcjolt                  Conj/Air       32%        1d42      8%          5
 Lightning Bolt           Conj/Air       32%        1d49      8%          5
 Silence                  Hex/Air        32%        N/A       8%          5
 Cause Fear               Hex            16%        N/A       16%         4
 Dispel Undead            Necr           33%        3d14      16%         4
 Fulminant Prism          Conj/Hex       16%        3d10      16%         4
 Leda's Liquefaction      Hex/Erth       16%        N/A       16%         4
 Borgnjor's Vile Clutch   Necr/Erth      16%        N/A       38%         5
 Fireball                 Conj/Fire      32%        3d14      38%         5
 Lee's Rapid Deconstruct  Erth           16%        3d10*     38%         5
 Monstrous Menagerie      Summ           54%        N/A       2%          7
 Summon Hydra             Summ           54%        N/A       2%          7
 Conjure Ball Lightning   Conj/Air       32%        3x3d10    34%         6
 Spellforged Servitor     Conj/Summ      40%        N/A       41%         7
 Simulacrum               Ice/Necr       30%        N/A       43%         6
 Ozocubu's Refrigeration  Ice            39%        4d16      50%         7
 Dragon's Call            Summ           54%        N/A       86%         9
 Death Channel            Necr           16%        N/A       89%         6
 Iron Shot                Conj/Erth      16%        9d4       89%         6
 Starburst                Conj/Fire      32%        6d10      89%         6
 Enfeeble                 Hex            16%        N/A       100%        7
 Orb of Destruction       Conj           16%        9d7       100%        7
 Discord                  Hex            16%        N/A       100%        8
 Ignition                 Fire           32%        3d10      100%        8
 Lehudib's Crystal Spear  Conj/Erth      16%        10d5      100%        8
 Polar Vortex             Ice            39%        N/A       100%        9
 Animate Armour           Summ/Erth      Unusable   N/A       N/A         4

Dungeon Overview and Level Annotations

Branches:
Dungeon (15/15)            Temple (1/1) D:7            Lair (5/5) D:11
 Shoals (3/4) Lair:3        Snake (4/4) Lair:2        Slime (0/5) Lair:5
    Orc (2/2) D:10            Elf (3/3) Orc:2        Vaults (5/5) D:13
  Crypt (0/3) Vaults:3     Depths (1/4) D:15        Ossuary (visited)
  IceCv (visited)          WizLab (visited)         Desolation (visited)

Altars:
Cheibriados
Fedhas
Hepliaklqana
Kikubaaqudgha
Nemelex Xobeh
Qazlal
Ru
Trog
Vehumet
Yredelemnul
Zin
Jiyva
Lugonu

Shops:
D:1 :   D:3 (   D:4 :   D:6 *   D:13 [   Orc:1 (   Orc:2 =*[(   Vaults:1 :
Vaults:4 (

Portals:
Abyss: Shoals:3
Trove: Vaults:1 (show abyssal rune of Zot)

Annotations:
Lair:5 1 runed translucent door, exclusion: obsidian statue


Innate Abilities, Weirdness & Mutations

You cannot wear most types of armour.
You are amphibious.
You can wear up to eight rings at the same time.
Your skin changes colour to match your surroundings (Stealth+).
Your rubbery body absorbs attacks. (AC +1, EV +1)
((You are camouflaged when in or above water. (Stealth+)))
You have tentacles for arms and can constrict up to eight enemies at once.
Your body sometimes deteriorates upon taking damage.
You are frail. (-10% HP)
You passively map a small area around you.
Your system is resistant to poisons. (rPois)
Your spells are a little harder to cast, but a little more powerful.
You have hidden genetic potential.
You occasionally lose the ability to read scrolls when taking damage.


Message History

The Hell Sentinel completely resists.
You catch the helpless Hell Sentinel completely off-guard!
You tentacle-slap the Hell Sentinel but do no damage.
The Hell Sentinel is severely wounded.
The Hell Sentinel misses you. The Hell Sentinel barely misses you.
You tentacle-slap the Hell Sentinel but do no damage.
The Hell Sentinel is severely wounded.
You block the Hell Sentinel's attack. x2
You batter the Hell Sentinel!!
The Hell Sentinel is severely wounded.
The Hell Sentinel gestures at you. The iron shot misses you.
You tentacle-slap the Hell Sentinel but do no damage.
You squeeze the Hell Sentinel.
The Hell Sentinel is severely wounded.
You completely miss the Hell Sentinel. You squeeze the Hell Sentinel.
The Hell Sentinel is severely wounded.
The Hell Sentinel gestures at you.
The sphere of damnation explodes!
The damnation engulfs you!!!
Your body deteriorates!
You feel weakened.
The damnation engulfs your lightning spire!!!
Your lightning spire is destroyed!
Your lightning spire disappears in a puff of smoke!
The damnation engulfs the small abomination!!!
The small abomination is destroyed!
The damnation engulfs the Hell Sentinel.
The Hell Sentinel completely resists.
You are too injured to fight recklessly!
You tentacle-slap the Hell Sentinel but do no damage.
You squeeze the Hell Sentinel, but do no damage.
The Hell Sentinel is severely wounded.
The Hell Sentinel completely misses you.
You block the Hell Sentinel's attack.
You tentacle-slap the Hell Sentinel but do no damage.
You squeeze the Hell Sentinel!
The Hell Sentinel is almost dead.
The Hell Sentinel gestures at you. The iron shot hits you!!!
You feel threatened and lose the ability to read scrolls!
You die...

.# . .# .## . .
#.. .#. ...#..
#..#.#
#.##.#..#### #
#....#.1.#.# .#
....#§@..#..#. #
#....#...#...#.#
######...#. ..#
##...#..#.# .
§....#.##..# .#
.#.##..# ... #.
#.# .#.####.# ##
.....### . ....
.#


You could see a Hell Sentinel.

Vanquished Creatures
  A dread lich (Vaults:5)
  2 ancient liches (Vaults:5)
  Vashnia (Snake:4)
  Xtahua (Vaults:4)
  2 golden dragons
  Nikola (Snake:3)
  Hellbinder (WizLab)
  Jorgrun (D:14)
  2 tentacled monstrosities (Vaults:5)
  4 deep elf master archers (Elf:3)
  6 titans (Vaults:5)
  2 deep elf blademasters (Elf:3)
  A quicksilver dragon (Vaults:5)
  2 sphinxes (Vaults:2)
  The ghost of Dasi the Gelid, an adept SpEn of Vehumet (Vaults:4)
  3 shadow dragons (Vaults:5)
  7 nagarajas
  An iron dragon (Vaults:5)
  6 frost giants
  17 vault wardens
  3 fire giants
  11 deep elf sorcerers
  An imperial myrmidon (Desolation)
  A frost giant (shapeshifter) (Vaults:5)
  Aizul (Snake:3)
  4 deep elf elementalists (Elf:3)
  A cacodemon (WizLab)
  An orc warlord (Orc:2)
  3 war gargoyles (Vaults:4)
  13 ironbound preservers
  6 very ugly things
  4 stone giants
  A demonspawn black sun (WizLab)
  6 ironbound thunderhulks
  Azrael (D:14)
  Nessos (Orc:2)
  A white draconian (IceCv)
  A lorocyproca (WizLab)
  11 dire elephants
  12 deep elf annihilators
  6 deep elf demonologists
  2 halazid warlocks (Desolation)
  The ghost of Asuyniq the Covert, a journeyman OpFE of Vehumet (Lair:5)
  6 deep elf death magi (Elf:3)
  4 crystal guardians
  A merfolk javelineer (Shoals:2)
  Snorg (D:11)
  6 ettins
  2 green deaths (WizLab)
  2 ragged hierophants (Desolation)
  14 yaktaur captains
  6 deep elf high priests (Elf:3)
  4 great orbs of eyes
  2 entropy weavers
  5 peacekeepers
  2 hydras
  37 vault guards
  A salamander tyrant (Snake:4)
  4 ice dragons (IceCv)
  9 servants of whispers (Desolation)
  A rakshasa (D:15)
  4 ogre magi
  Erica (D:8)
  17 anacondas
  12 two-headed ogres
  4 centaur warriors
  A catoblepas (Lair:1)
  2 boulder beetles
  15 ironbound frosthearts
  A spectral dire elephant (Lair:5)
  12 dancing weapons
  4 tengu warriors
  A satyr (Shoals:3)
  8 naga warriors
  7 death yaks
  6 shock serpents
  A sun demon (WizLab)
  Nergalle (Orc:1)
  12 naga sharpshooters
  3 orc high priests (Orc:2)
  2 soul eaters (WizLab)
  7 deep elf knights
  Urug (Lair:1)
  2 salamander mystics (Snake:4)
  2 skeletal warriors
  A spectral death yak (Lair:5)
  A spectral anaconda (Lair:5)
  A sea snake (Shoals:2)
  37 deep trolls
  A glowing orange brain (Vaults:2)
  A shadow demon (WizLab)
  6 naga ritualists
  9 wizards
  An orange crystal statue (IceCv)
  18 ironbound convokers
  6 lindwurms
  3 deep elf archers
  Pikel (D:4)
  16 deep elf zephyrmancers
  5 phantasmal warriors
  10 mana vipers
  6 necromancers
  9 orc knights
  2 oklob plants (D:11)
  24 ugly things
  17 deep elf pyromancers
  8 orc sorcerers
  4 cyclopes
  A worldbinder (Shoals:3)
  14 salamanders
  An iron dragon skeleton (Vaults:5)
  A manticore (D:15)
  24 black mambas
  3 fauns (Shoals:1)
  2 rust devils (WizLab)
  A merfolk siren (Shoals:1)
  18 elephants
  3 orange demons (WizLab)
  7 naga magi
  A smoke demon (WizLab)
  A torpor snail (Lair:4)
  A water nymph (Shoals:1)
  5 cane toads
  11 guardian serpents
  An apocalypse crab (Shoals:3)
  17 vault sentinels
  An orc skeleton (Abyss:2)
  A dire elephant skeleton (Lair:5)
  2 unseen horrors
  2 hellions (WizLab)
  7 rime drakes
  A kobold demonologist (D:13)
  3 komodo dragons
  Maggie (D:8)
  An efreet (D:13)
  An ice devil (WizLab)
  29 yaktaurs
  3 freezing wraiths (Vaults:5)
  3 meliai (D:15)
  A yaktaur skeleton (Vaults:5)
  2 ancient zymes (Abyss:2)
  6 trolls
  5 merfolk (Shoals:2)
  15 polar bears
  47 saltlings (Desolation)
  2 hellwings (WizLab)
  2 hornets (Lair:5)
  Prince Ribbit (D:9)
  A spectral elephant (Lair:5)
  21 blink frogs
  2 snapping turtles
  A vampire (D:11)
  2 air elementals
  37 slime creatures
  2 spriggans (Lair:5)
  A shadow (D:10)
  2 water elementals
  29 yaks
  2 wyverns
  A wraith (D:11)
  A hog (shapeshifter) (D:13)
  5 fire elementals
  6 basilisks
  A vampire mosquito (D:13)
  A human (Lair:5)
  A redback (shapeshifter) (Vaults:5)
  Menkaure (D:6)
  A death yak simulacrum (Lair:5)
  2 chaos spawn (WizLab)
  2 steam dragons
  32 nagas
  6 hell hounds (D:14)
  A spectral cane toad (Lair:5)
  8 wargs
  Edmund (D:5)
  An acid dragon (D:12)
  13 water moccasins
  36 orc warriors
  2 black bears
  2 sky beasts (D:8)
  2 elephant zombies (Lair:5)
  An ogre (shapeshifter) (D:13)
  6 boggarts
  10 ogres
  21 wolves
  10 centaurs
  2 phantoms (D:5)
  3 kobold brigands
  A gnoll sergeant (D:12)
  7 bullfrogs
  A cane toad simulacrum (Lair:5)
  2 water moccasin zombies (Ossuary)
  A glowing shapeshifter simulacrum (Vaults:5)
  A necrophage (D:7)
  2 scorpions
  5 wights (D:9)
  A killer bee (D:9)
  An elephant simulacrum (Lair:5)
  3 electric eels
  5 howler monkeys
  A small abomination (Abyss:2)
  A hound (shapeshifter) (Elf:2)
  5 hounds
  20 orc priests
  5 iguanas
  Ijyb (D:5)
  Natasha (twice) (D:3)
  17 orc wizards
  7 hell rats (Lair:5)
  2 mummies (Ossuary)
  10 adders
  11 gnolls
  2 shadow imps
  3 ufetubi
  6 adder zombies (Ossuary)
  2 worms (D:3)
  3 dart slugs
  73 orcs
  5 endoplasms
  4 giant cockroaches
  4 hobgoblins
  7 ball pythons
  2 bats
  3 frilled lizards (D:1)
  A gnoll zombie (Ossuary)
  3 hobgoblin zombies (Ossuary)
  13 kobolds
  5 kobold zombies (Ossuary)
  2 orc zombies (Ossuary)
  7 rats
1358 creatures vanquished.

Vanquished Creatures (collateral kills)
  2 sphinxes
  2 shadow dragons (Vaults:5)
  2 nagarajas (Snake:4)
  2 dire elephants
  A salamander tyrant (Snake:4)
  A peacekeeper (Vaults:4)
  2 vault guards (D:13)
  An anaconda (Snake:3)
  An ice dragon (IceCv)
  4 naga warriors (Snake:4)
  An orc high priest (Orc:2)
  4 naga sharpshooters
  4 deep trolls
  A sea snake (Shoals:2)
  A salamander mystic (Snake:4)
  3 naga ritualists (Snake:4)
  3 ironbound convokers
  An ugly thing (Vaults:1)
  2 salamanders (Snake:4)
  A shining eye (Shoals:3)
  A merfolk siren (Shoals:1)
  An elephant (Lair:3)
  2 guardian serpents (Snake:4)
  7 naga magi
  2 vault sentinels
  A water nymph (Shoals:2)
  2 orange demons (WizLab)
  An ice devil (WizLab)
  A sea snake zombie (Shoals:3)
  A merfolk (Shoals:3)
  An ancient zyme (Shoals:3)
  2 hellwings (WizLab)
  A slime creature (Vaults:4)
  A neqoxec (WizLab)
  A chaos spawn (Shoals:3)
  Grum (D:8)
  4 nagas
  An ice beast (D:6)
  A phantom (D:6)
  A bullfrog (D:6)
  An iguana (D:5)
  An adder (D:6)
74 creatures vanquished.

Vanquished Creatures (others)
  An eldritch tentacle (Shoals:3)
  A fire giant (Vaults:5)
  An orc warlord (Orc:2)
  A hell beast (WizLab)
  An ogre mage (Vaults:5)
  2 deep elf pyromancers
  2 rime drakes (IceCv)
  A yaktaur (Vaults:1)
  A hornet simulacrum (D:14)
  A small abomination (Abyss:2)
  27 fungi
  20 plants
  15 withered plants (Lair:5)
74 creatures vanquished.

Grand Total: 1506 creatures vanquished

Notes
Turn   | Place    | Note
-------+----------+-------------------------------------------
     0 | D:1      | M4edhros the Octopode Artificer began the quest for the
                  | Orb.
     0 | D:1      | Reached XP level 1. HP: 13/13 MP: 1/1
   193 | D:2      | Reached XP level 2. HP: 10/18 MP: 2/2
   288 | D:2      | Reached skill level 1 in Unarmed Combat
   313 | D:3      | You fall into a shaft and drop 2 floors!
   313 | D:5      | Entered Level 5 of the Dungeon
   323 | D:5      | Reached XP level 3. HP: 21/23 MP: 3/3
   357 | D:5      | Reached XP level 4. HP: 28/29 MP: 4/4
   652 | D:5      | Reached skill level 3 in Dodging
   652 | D:5      | Reached XP level 5. HP: 13/34 MP: 5/5
   715 | D:5      | Noticed Ijyb
   721 | D:5      | Killed Ijyb
   742 | D:5      | Noticed a phantom
   752 | D:5      | Killed a phantom
   753 | D:5      | Reached XP level 6. HP: 31/41 MP: 6/6
  1007 | D:6      | Noticed Menkaure
  1025 | D:6      | Reached XP level 7. HP: 15/45 MP: 7/7
  1026 | D:6      | Killed Menkaure
  1340 | D:6      | Noticed a steam dragon
  1378 | D:6      | Killed a steam dragon
  1379 | D:6      | Reached skill level 4 in Dodging
  1543 | D:6      | Reached skill level 5 in Evocations
  1550 | D:6      | Reached skill level 5 in Stealth
  1560 | D:6      | Reached skill level 5 in Unarmed Combat
  1560 | D:6      | Reached XP level 8. HP: 21/53 MP: 8/8
  1733 | D:6      | Found Sushow's Overcharged Wands.
  2861 | D:7      | Found a staircase to the Ecumenical Temple.
  2876 | Temple   | Entered the Ecumenical Temple
  2889 | Temple   | Became a worshipper of Cheibriados the Contemplative
  2944 | D:5      | Noticed Edmund
  3200 | D:1      | Found Meonef's Book Emporium.
  3325 | D:1      | Learned a level 2 spell: Wereblood
  3673 | D:2      | Reached * piety under Cheibriados
  3958 | D:3      | Found Hivog's Antique Weapon Shop.
  4198 | D:3      | Noticed Natasha
  4205 | D:3      | Killed Natasha
  4314 | D:3      | Noticed Natasha
  4331 | D:3      | Killed Natasha
  4402 | D:4      | Noticed Pikel
  4442 | D:4      | Killed Pikel
  4443 | D:4      | Reached skill level 5 in Dodging
  4443 | D:4      | Reached skill level 1 in Transmutations
  4443 | D:4      | Reached XP level 9. HP: 52/59 MP: 9/9
  4672 | D:4      | Found Joekayt's Tremendous Tomes.
  4920 | D:8      | Found a sand-covered staircase.
  4925 | Ossuary  | Entered an ossuary
  4981 | Ossuary  | Reached ** piety under Cheibriados
  5070 | Ossuary  | Learned a level 3 spell: Ozocubu's Armour
  5120 | D:8      | Noticed Grum
  5210 | D:8      | Found a stormy altar of Qazlal.
  5240 | D:8      | Reached skill level 5 in Fighting
  5240 | D:8      | Reached skill level 1 in Ice Magic
  5330 | D:8      | Reached *** piety under Cheibriados
  5451 | D:8      | Noticed Erica
  5460 | D:8      | Killed Erica
  5461 | D:8      | Reached XP level 10. HP: 63/66 MP: 10/10
  5491 | D:8      | Noticed Maggie
  5503 | D:8      | Killed Maggie
  5519 | D:8      | Killed Grum
  5521 | D:8      | Reached skill level 6 in Dodging
  5840 | D:9      | Learned a level 3 spell: Gell's Gravitas
  5896 | D:9      | Reached **** piety under Cheibriados
  5901 | D:9      | Noticed Prince Ribbit
  5930 | D:9      | Killed Prince Ribbit
  5986 | D:9      | Reached skill level 1 in Translocations
  6002 | D:9      | Found a blossoming altar of Fedhas.
  6141 | D:10     | Entered Level 10 of the Dungeon
  6166 | D:10     | Reached XP level 11. HP: 72/72 MP: 11/11
  6381 | D:10     | Found a bloodstained altar of Trog.
  6481 | D:11     | Noticed an oklob plant
  6482 | D:11     | Noticed an oklob plant
  6487 | D:11     | Found a staircase to the Lair.
  6586 | D:12     | Noticed a manticore
  6675 | D:12     | Noticed a two-headed ogre
  6693 | D:12     | Killed a two-headed ogre
  6693 | D:12     | Reached ***** piety under Cheibriados
  6715 | D:12     | Reached skill level 1 in Invocations
  6801 | D:13     | Found Noushrito's Armour Boutique.
  6841 | D:13     | Noticed a skeletal warrior
  6843 | D:13     | Noticed a red ugly thing
  7091 | D:10     | Found a staircase to the Orcish Mines.
  7097 | D:10     | Identified the +5 quarterstaff "Qicoikk" {freeze, Str+2
                  | Dex+4}
  7110 | Orc:1    | Entered Level 1 of the Orcish Mines
  7110 | Orc:1    | Noticed an orc knight
  7110 | Orc:1    | Noticed an orc sorcerer
  7110 | Orc:1    | Found Moin's Weapon Shoppe.
  7114 | Orc:1    | Noticed an orc knight
  7115 | Orc:1    | Reached skill level 1 in Shields
  7115 | Orc:1    | Noticed an orc sorcerer
  7116 | Orc:1    | Killed an orc sorcerer
  7118 | Orc:1    | Killed an orc sorcerer
  7122 | Orc:1    | Killed an orc knight
  7123 | Orc:1    | Reached skill level 7 in Dodging
  7123 | Orc:1    | Killed an orc knight
  7245 | Orc:2    | Entered Level 2 of the Orcish Mines
  7256 | Orc:2    | Reached skill level 5 in Transmutations
  7286 | Orc:2    | Noticed an orc high priest
  7291 | Orc:2    | Noticed an orc sorcerer
  7291 | Orc:2    | Noticed an orc knight
  7291 | Orc:2    | Noticed an orc high priest
  7300 | Orc:2    | Killed an orc sorcerer
  7300 | Orc:2    | Killed an orc knight
  7301 | Orc:2    | Reached XP level 12. HP: 55/80 MP: 10/14
  7301 | Orc:2    | Killed an orc high priest
  7314 | Orc:2    | Noticed an orc high priest
  7316 | Orc:2    | Found Lasis's Antique Weapon Emporium.
  7324 | Orc:2    | Reached skill level 10 in Stealth
  7324 | Orc:2    | Reached skill level 10 in Unarmed Combat
  7326 | Orc:2    | Killed an orc high priest
  7353 | Orc:2    | Killed an orc high priest
  7436 | Orc:1    | Reached skill level 5 in Ice Magic
  7522 | Orc:2    | Found Wuwuanoe's Antique Armour Shoppe.
  7588 | Orc:2    | Bought the +0 mask of the Dragon {Will+ Slay+3 SInv} for
                  | 968 gold pieces
  7588 | Orc:2    | Found the +0 mask of the Dragon {Will+ Slay+3 SInv}
  7622 | Orc:2    | Reached skill level 5 in Invocations
  7678 | Orc:2    | Noticed Nessos
  7681 | Orc:2    | Killed Nessos
  7712 | Orc:2    | Found Igiucves's Jewellery Emporium.
  7785 | Orc:2    | Noticed an orc warlord
  7785 | Orc:2    | Noticed an orc high priest
  7785 | Orc:2    | Noticed an ettin
  7789 | Orc:2    | Identified the +6 scimitar of Blood-Lust {flame, Dex+5}
  7789 | Orc:2    | Noticed a deep elf knight
  7797 | Orc:2    | Noticed a soul eater
  7799 | Orc:2    | Killed an orc high priest
  7808 | Orc:2    | Killed a deep elf knight
  7813 | Orc:2    | Reached XP level 13. HP: 86/86 MP: 4/17
  7813 | Orc:2    | Killed an ettin
  7814 | Orc:2    | Reached skill level 8 in Dodging
  7882 | Orc:2    | Found Apnah's General Store.
  7893 | Orc:2    | Bought a potion of heal wounds for 70 gold pieces
  7926 | Orc:1    | Paralysed by an orc sorcerer for 4 turns
  7982 | Orc:1    | Noticed Nergalle
  7996 | Orc:1    | Killed Nergalle
  7997 | Orc:1    | Reached skill level 5 in Translocations
  8095 | Orc:2    | Noticed an orc warlord
  8293 | D:11     | Noticed Snorg
  8325 | D:11     | Killed Snorg
  8469 | Lair:1   | Entered Level 1 of the Lair of Beasts
  8654 | Lair:1   | Noticed Urug
  8660 | Lair:1   | Killed Urug
  8817 | Lair:3   | Reached skill level 5 in Shields
  8853 | Lair:3   | Found a staircase to the Shoals.
  9132 | Lair:4   | Reached XP level 14. HP: 63/92 MP: 20/20
  9360 | Lair:5   | Entered Level 5 of the Lair of Beasts
  9367 | Lair:5   | Reached skill level 9 in Dodging
  9558 | Lair:4   | Learned a level 4 spell: Olgreb's Toxic Radiance
  9594 | Lair:4   | Reached skill level 1 in Poison Magic
  9709 | Lair:5   | Reached skill level 1 in Spellcasting
  9726 | Lair:5   | Found a runed translucent door.
  9731 | Lair:5   | Noticed a reaper
  9875 | Lair:5   | Noticed a dire elephant
  9875 | Lair:5   | Noticed a dire elephant
  9876 | Lair:5   | Noticed a dire elephant
  9876 | Lair:5   | Noticed a dire elephant
  9892 | Lair:5   | Noticed a dire elephant
  9898 | Lair:5   | Killed a dire elephant
  9911 | Lair:5   | Killed a dire elephant
 10023 | Lair:5   | Reached skill level 10 in Dodging
 10038 | Lair:5   | Killed a dire elephant
 10041 | Lair:5   | Killed a dire elephant
 10042 | Lair:5   | Reached skill level 5 in Poison Magic
 10043 | Lair:5   | Killed a dire elephant
 10365 | Lair:5   | Found a runed translucent door.
 10365 | Lair:5   | Found a viscous altar of Jiyva.
 10365 | Lair:5   | Found a staircase to the Slime Pits.
 10367 | Lair:5   | Noticed Asuyniq's ghost (journeyman OpFE)
 10371 | Lair:5   | Identified the +6 trident of Virtue {vamp, rF++ Str+2 Int-2
                  | SInv}
 10388 | Lair:5   | Reached XP level 15. HP: 74/97 MP: 22/22
 10394 | Lair:5   | Killed Asuyniq's ghost
 10395 | Lair:5   | Reached skill level 11 in Dodging
 10617 | Lair:2   | Found a staircase to the Snake Pit.
 10747 | Lair:2   | Identified a scroll of acquirement
 10747 | Lair:2   | Acquired a +5 ring of evasion
 11248 | Orc:2    | Killed an orc warlord
 11275 | Orc:2    | Bought the ring "Puhuce Koluh" {rPois rC++ Dex+4} for 581
                  | gold pieces
 11812 | D:13     | Got Plog's Precepts of Weathered Jinxing
 11955 | D:13     | Reached ****** piety under Cheibriados
 11956 | D:13     | Reached skill level 12 in Dodging
 12007 | D:13     | Reached skill level 5 in Spellcasting
 12031 | D:13     | Found a gate to the Vaults.
 12123 | D:14     | Noticed Jorgrun
 12133 | D:14     | Killed Jorgrun
 12134 | D:14     | Reached skill level 10 in Poison Magic
 12221 | D:14     | Noticed Azrael
 12250 | D:14     | Killed Azrael
 12444 | D:15     | Entered Level 15 of the Dungeon
 12451 | D:15     | Reached skill level 13 in Dodging
 12603 | D:15     | Reached XP level 16. HP: 106/106 MP: 23/23
 13016 | D:15     | Found a staircase to the Depths.
 13060 | Depths:1 | Entered Level 1 of the Depths
 13287 | Orc:2    | Bought a ring of protection from fire for 275 gold pieces
 13476 | Orc:2    | Found a staircase to the Elven Halls.
 13485 | Elf:1    | Entered Level 1 of the Elven Halls
 13504 | Elf:1    | Reached skill level 14 in Dodging
 13535 | Elf:1    | Found a crumbling gateway.
 13547 | Desolati | Entered the Desolation of Salt
 13570 | Desolati | Learned a level 6 spell: Eringya's Noxious Bog
 13580 | Desolati | Learned a level 3 spell: Ignite Poison
 13613 | Desolati | Found the +6 lightning scales {swift, rElec}
 13639 | Desolati | Identified the +7 long sword of Wisuim {distort, rPois
                  | Will+ Str-4 Int+6}
 13716 | Desolati | Identified the +7 mace "Ynisok" {venom, Drain rCorr Dex+5}
 13723 | Desolati | Identified the +8 broad axe of Severance {elec, *Noise
                  | Int+5}
 13724 | Desolati | Identified the +9 shortbow of Xorueq {elec, Int+2}
 13856 | Desolati | Got Progressing With Spellwork
 13864 | Desolati | Identified the ring "Vatytilo" {Fire Fly Will+ Stlth+}
 13868 | Desolati | Got the Elucidation of Fire and Terra Firma
 13874 | Desolati | Identified the +7 sling of Cowardice {flame, *Corrode rElec
                  | rN+ Int+4}
 13882 | Desolati | Got the Atlas of Stones
 13959 | Desolati | Identified the +4 broad axe of the Establishment {flame,
                  | Dex+3}
 14077 | Desolati | Identified the ring "Taolul" {rC+ rCorr Str-2 Int+2 Stlth+}
 14091 | Desolati | Reached skill level 15 in Dodging
 14301 | Elf:1    | Reached skill level 10 in Fighting
 14349 | Elf:1    | Reached XP level 17. HP: 69/115 MP: 26/26
 14466 | Elf:1    | Reached skill level 10 in Transmutations
 14789 | Elf:3    | Entered Level 3 of the Elven Halls
 14810 | Elf:3    | Paralysed by an air elemental for 1 turns
 15102 | Elf:3    | Identified the +6 short sword of the Eternal Warrior {holy,
                  | rC+ Str+7}
 15102 | Elf:3    | Identified the ring of the Ban {Fly rF+}
 15130 | Elf:3    | Reached skill level 16 in Dodging
 15138 | Elf:3    | Noticed a deep elf blademaster
 15145 | Elf:3    | Noticed a deep elf master archer
 15145 | Elf:3    | Identified the +5 hand axe "Fysiset" {drain, rC+ Will++
                  | rCorr Str+4}
 15145 | Elf:3    | Noticed a deep elf master archer
 15145 | Elf:3    | Noticed a deep elf master archer
 15145 | Elf:3    | Noticed a deep elf blademaster
 15147 | Elf:3    | Killed a deep elf blademaster
 15149 | Elf:3    | Killed a deep elf blademaster
 15153 | Elf:3    | Killed a deep elf master archer
 15153 | Elf:3    | Killed a ghostly deep elf blademaster
 15153 | Elf:3    | Killed a deep elf master archer
 15228 | Elf:3    | Reached XP level 18. HP: 105/124 MP: 29/29
 15263 | Elf:3    | Identified the +1 scale mail of Asororong {rCorr Str+3}
 15342 | Elf:3    | Noticed a deep elf master archer
 15358 | Elf:3    | Killed a deep elf master archer
 15358 | Elf:3    | Identified the ring of Maxaot {rF+++ MP+9 Int-3 SInv
                  | Stlth-}
 15435 | Elf:3    | Identified the ring "Zoodd" {rC+ rN+ Str+6}
 15494 | Elf:3    | Identified the ring "Reidios" {Fire Contam rN+ Int+7 Dex+2}
 15522 | Elf:3    | Killed a deep elf master archer
 15522 | Elf:3    | Identified the ring of Oqurowic {rF+ Str+6 Stlth+}
 15529 | Elf:3    | Noticed an Ice Fiend
 15538 | Elf:3    | Noticed a Brimstone Fiend
 15600 | Elf:3    | Got the Codex of Reconstruction
 15605 | Elf:3    | Learned a level 1 spell: Apportation
 15611 | Elf:3    | Learned a level 5 spell: Alistair's Intoxication
 15778 | Elf:1    | Reached skill level 17 in Dodging
 16040 | D:4      | Bought the Tome of the Zephyr for 816 gold pieces
 16045 | D:4      | Learned a level 4 spell: Summon Lightning Spire
 16103 | D:5      | Killed Edmund
 16456 | Snake:1  | Entered Level 1 of the Snake Pit
 16484 | Snake:1  | Reached skill level 1 in Summonings
 16484 | Snake:1  | Reached skill level 1 in Air Magic
 16724 | Snake:2  | Found a frozen archway.
 16764 | IceCv    | Entered an ice cave
 16977 | IceCv    | Reached skill level 5 in Summonings
 16977 | IceCv    | Reached skill level 5 in Air Magic
 17408 | Snake:3  | Noticed Nikola
 17420 | Snake:3  | Killed Nikola
 17421 | Snake:3  | Noticed Aizul
 17514 | Snake:3  | Killed Aizul
 17528 | Snake:3  | Upgraded the game from 0.30-a0-620-g0e44632947 to
                  | 0.30-a0-626-gd6a5dd7a1f
 17548 | Snake:2  | Reached XP level 19. HP: 119/132 MP: 17/30
 18203 | Snake:4  | Entered Level 4 of the Snake Pit
 18676 | Snake:4  | Noticed Vashnia
 18843 | Snake:4  | Killed Vashnia
 18938 | Snake:4  | Got a serpentine rune of Zot
 19203 | Vaults:1 | Entered Level 1 of the Vaults
 19220 | Vaults:1 | Reached XP level 20. HP: 103/138 MP: 20/31
 19304 | Vaults:1 | Reached skill level 10 in Summonings
 19469 | Vaults:2 | Reached skill level 10 in Shields
 19813 | Vaults:2 | Identified the +7 morningstar of the Dead {freeze, Str+4}
 20001 | Vaults:1 | Found a portal to a secret trove of treasure.
 20057 | Vaults:1 | Found Sugenyso's Book Shoppe.
 20348 | Vaults:1 | You are sucked into a shaft and drop 1 floor!
 20524 | Vaults:3 | Found a magical portal.
 20533 | WizLab   | Entered The Hall of the Hellbinder
 20615 | WizLab   | Gained mutation: You are clumsy. (Dex -2) [a cacodemon]
 20618 | WizLab   | Gained mutation: Your magical capacity is low. (-10% MP) [a
                  | cacodemon]
 20663 | WizLab   | Gained mutation: You are weak. (Str -2) [a neqoxec]
 20664 | WizLab   | Gained mutation: Your body sometimes deteriorates upon
                  | taking damage. [a neqoxec]
 20677 | WizLab   | Noticed a Tzitzimitl
 20682 | WizLab   | Noticed Dytivvoy
 20684 | WizLab   | Noticed a Brimstone Fiend
 20706 | WizLab   | Killed Dytivvoy the Hellbinder
 20739 | WizLab   | Identified the +2 cloak of the Evening Star {-Tele +Inv
                  | rElec Dex+2}
 20773 | WizLab   | Got Mummig's Elucidation of the Band
 20775 | WizLab   | Identified the ring "Fatrucio" {Wiz rC+ Will+ rCorr Slay+3}
 20793 | WizLab   | Found a burning altar of Makhleb.
 21032 | Vaults:3 | Reached XP level 21. HP: 120/144 MP: 29/29
 21040 | Vaults:3 | Identified the +8 spear of Painful Death {flame, rElec rF++
                  | Will++ Int-2}
 21102 | Vaults:3 | Found a staircase to the Crypt.
 21102 | Vaults:3 | Found an ancient bone altar of Kikubaaqudgha.
 21103 | Vaults:3 | Found a basalt altar of Yredelemnul.
 21593 | Vaults:4 | Lost mutation: You are weak. (Str -2) [potion of mutation]
 21593 | Vaults:4 | Lost mutation: You are clumsy. (Dex -2) [potion of
                  | mutation]
 21593 | Vaults:4 | Gained mutation: Your spells are a little harder to cast,
                  | but a little more powerful. [potion of mutation]
 21593 | Vaults:4 | Gained mutation: You occasionally lose the ability to read
                  | scrolls when taking damage. [potion of mutation]
 21594 | Vaults:4 | Lost mutation: Your spells are a little harder to cast, but
                  | a little more powerful. [potion of mutation]
 21594 | Vaults:4 | Lost mutation: Your body sometimes deteriorates upon taking
                  | damage. [potion of mutation]
 21594 | Vaults:4 | Gained mutation: You are weak. (Str -2) [potion of
                  | mutation]
 21594 | Vaults:4 | Gained mutation: Your spells are a little harder to cast,
                  | but a little more powerful. [potion of mutation]
 21595 | Vaults:4 | Lost mutation: You are weak. (Str -2) [potion of mutation]
 21595 | Vaults:4 | Lost mutation: Your magical capacity is low. (-10% MP)
                  | [potion of mutation]
 21595 | Vaults:4 | Gained mutation: You are frail. (-10% HP) [potion of
                  | mutation]
 21595 | Vaults:4 | Gained mutation: You have hidden genetic potential. [potion
                  | of mutation]
 21595 | Vaults:4 | Gained mutation: Your system is resistant to poisons.
                  | (rPois) [potion of mutation]
 21610 | Vaults:4 | Found a large runed translucent door.
 21611 | Vaults:4 | Found a large runed translucent door.
 21611 | Vaults:4 | Noticed Dasi's ghost (adept SpEn)
 21620 | Vaults:4 | Learned a level 5 spell: Freezing Cloud
 21628 | Vaults:4 | Killed Dasi's ghost
 21633 | Vaults:4 | Got the Tome of Friendly Ensorcelling
 21933 | Vaults:3 | Reached skill level 10 in Spellcasting
 22133 | Vaults:4 | Noticed Xtahua
 22207 | Vaults:4 | Killed Xtahua
 22404 | Vaults:4 | Found Bitioj's Weapon Emporium.
 22590 | Vaults:5 | Entered Level 5 of the Vaults
 22590 | Vaults:5 | Noticed a golden dragon
 22598 | Vaults:5 | Reached XP level 22. HP: 135/135 MP: 15/37
 22611 | Vaults:4 | Killed a golden dragon
 22780 | Vaults:5 | Identified the +1 leather armour of Minor Irritation
                  | {Regen+ Str+4 SInv}
 22783 | Vaults:5 | Got a silver rune of Zot
 22815 | Vaults:5 | Reached skill level 15 in Summonings
 23111 | Vaults:5 | Noticed an ancient lich
 23123 | Vaults:5 | Killed an ancient lich
 23127 | Vaults:5 | Gained mutation: You passively map a small area around you.
                  | [hidden potential]
 23277 | Vaults:5 | Learned a level 7 spell: Malign Gateway
 23287 | Vaults:5 | Learned a level 8 spell: Summon Horrible Things
 23315 | Vaults:5 | Noticed a golden dragon
 23324 | Vaults:5 | Noticed an ancient lich
 23330 | Vaults:5 | Killed a golden dragon
 23336 | Vaults:5 | Killed an ancient lich
 23408 | Vaults:5 | Identified the amulet of Lepeje {Spirit Regen+ rCorr Str+4
                  | Dex-2}
 23475 | Vaults:5 | Identified the +5 quarterstaff "Bevveth" {flame, Will+}
 23687 | Vaults:5 | Noticed a dread lich
 23699 | Vaults:5 | Killed a dread lich
 23774 | Vaults:5 | Got Tulis's Incunabulum of the Chthonic Pyromaniac
 23783 | Vaults:5 | Found the +11 Singing Sword {sonic wave}
 24003 | Shoals:1 | Entered Level 1 of the Shoals
 24199 | Shoals:3 | Found a runed translucent door.
 24206 | Shoals:3 | Found a corrupted altar of Lugonu.
 24206 | Shoals:3 | Found a one-way gate to the infinite horrors of the Abyss.
 24219 | Shoals:3 | Reached XP level 23. HP: 139/139 MP: 37/41
 24222 | Shoals:3 | Gained mutation: Your body sometimes deteriorates upon
                  | taking damage. [a shining eye]
 24252 | Shoals:3 | Identified the +4 glaive of Disgust {flame, Fly}
 24254 | Shoals:3 | Voluntarily entered the Abyss.
 24258 | Abyss:1  | Found a corrupted altar of Lugonu.
 24273 | Abyss:2  | Found a corrupted altar of Lugonu.
 24370 | Abyss:2  | Killed from afar by a Hell Sentinel

Illustrated notes

Levels and vault maps discovered:
D:1:      giann_bridges, layout_rooms, serial_shops, shop,
          minmay_misc_feat_tower, minmay_distorted
D:2:      layout_basic
D:3:      layout_rooms, serial_shops, nicolae_shop_statue_plus, uniq_natasha
D:4:      layout_basic, led_sif_book, nicolae_shop_i_like_big_books, hex_medium,
          kennysheep_orc_chapel, uniq_pikel
D:5:      layout_basic, uniq_edmund, uniq_ijyb
D:6:      layout_loops_ring, grunt_decor_one_mirror,
          nicolae_shop_overcharged_wands, uniq_menkaure
D:7:      layout_loops_corners, minmay_temple_entry_large_hall
D:8:      layout_basic, old_standard_altar, nicolae_ossuary_entry_plus,
          minmay_misc_feat_diagonals, uniq_grum, uniq_erica, uniq_maggie
D:9:      layout_small_grid, mainiacjoe_overflow_boulevard, st_stairs_4,
          uniq_prince_ribbit1
D:10:     layout_loops_ring, nicolae_overflow_hidden_temple, orc_0_dummy,
          nicolae_transporter_intersection
D:11:     layout_stronghold, dpeg_oklobed_lair, serial_rivers,
          chequers_serial_rivers_room_b, chequers_serial_rivers_small_b,
          chequers_serial_rivers_micro_b, chequers_serial_rivers_room_b,
          chequers_serial_rivers_small_b, nicolae_straight_to_the_point,
          uniq_snorg
D:12:     layout_basic
D:13:     layout_basic, erik_vaults_2, serial_shops, shop,
          minmay_the_grid_square_5x5_3x3_mashed
          [minmay_the_grid_square_5x5_intrusive_squares,
          minmay_the_grid_square_5x5_tri_point,
          minmay_the_grid_square_5x5_spiral, minmay_the_grid_square_5x5_n,
          minmay_the_grid_square_5x5_megaprize_checkered,
          minmay_the_grid_square_5x5_meh, minmay_the_grid_square_5x5_c,
          minmay_the_grid_square_5x5_broken_cross,
          minmay_the_grid_square_5x5_two_walls_b]
D:14:     nicolae_BIG_FREAKIN_CUBE, layout_small_grid,
          hangedman_abyss_or_decor_lesser_grid, uniq_jorgrun, uniq_azrael
D:15:     hangedman_depths_entry_try_elsewhere_first, layout_irregular_city,
          minmay_door_square
Temple:   compressed_dpeg_circular_temple
Lair:1:   layout_roguey, grunt_megastairs_1, serial_bayou_shore_b,
          serial_bayou_shore_b, lemuel_fruit_tree, uniq_fannar, uniq_urug
Lair:2:   layout_small_grid, minmay_snake_entry_guardpost_large
Lair:3:   layout_regular_city, elwin_shoals_entry_rocks, serial_bayou_shore_b
Lair:4:   layout_cellular_growth, hibernation_bobbens
Lair:5:   due_jungle_book, layout_long_grid, slime_entry_1,
          ebering_ghost_funeral_grove, pdpol_lair_cabin_in_the_woods,
          grunt_megastairs_4, infiniplex_staircase_pool, lemuel_fruit_fields
Shoals:1: layout_shoals, uniq_roxanne, uniq_frances
Shoals:2: layout_shoals, uniq_polyphemus
Shoals:3: layout_shoals, nicolae_shoals_abyss_on_the_beach
Snake:1:  layout_onion, hangedman_snake_thin_pillar_pass
Snake:2:  layout_concentric_octagons, portal_ice_cave_entry_pillars_1,
          st_stairs_5
Snake:3:  layout_layer_cave, grunt_megastairs_3, uniq_aizul, uniq_nikola
Snake:4:  grunt_snake_rune_serpentine_throne, layout_cave_town
Orc:1:    layout_caves, serial_shops, shop, uniq_nergalle
Orc:2:    grunt_orc_gardens, layout_diamond_mine, grunt_orc_garden,
          grunt_orc_garden, grunt_orc_garden, grunt_orc_garden, elf_legates,
          uniq_nessos
Elf:1:    eino_elf_arrival_the_gate, layout_loops_corners,
          portal_desolation_entry_nicolae_menacing_earthworks, evilmike_minifort
Elf:2:    elven_hall_of_blades_hangedman_alternative [nicolae_blade_tridents],
          layout_loops_cross, serial_shops, nicolae_shop_stone
Elf:3:    nooodl_elf_gasket, layout_geoelf_castle,
          gammafunk_ghost_wrathful_warriors, nicolae_elf_variegated_diamond
Vaults:1: v_misc_2, vaults_dpeg_doors, hangedman_vaults_slice, v_rooms_6,
          v_misc_14, hangedman_vaults_stream, hangedman_vaults_hard_town_square,
          vaults_room_door_ring, nicolae_vaults_little_squares_6,
          ontoclasm_vaults_shuriken, nicolae_vaults_little_squares_3,
          vaults_room_door_ring, hangedman_vaults_restitches,
          grunt_vaults_hallway_long, ontoclasm_vaults_twist,
          layout_vaults_omnibox, serial_shops, shop, enter_trove_1
Vaults:2: nicolae_vaults_stairing_the_circle, v_misc_16, grunt_vaults_bifocal,
          v_misc_16, grunt_vaults_diagonal, v_misc_30, dpeg_vaults_monster_row,
          layout_vaults_big_room
Vaults:3: mu_enter_wizlab_3, st_check, nicolae_vaults_network_quinsquares
          [nicolae_vaults_network_quincunx_subvault,
          nicolae_vaults_network_quincunx_subvault,
          nicolae_vaults_network_quincunx_subvault,
          nicolae_vaults_network_quincunx_subvault], nicolae_vaults_big_ls,
          minmay_crypt_entry_necro_gods, v_rooms_4, grunt_vaults_hallway_long,
          v_rooms_6, hangedman_vaults_stagger, vaults_room_stairs_pillars,
          nicolae_vaults_circle_grid_a, nicolae_vaults_mini_display_case,
          vaults_room_pool, vaults_room_pool, vaults_dpeg_hooks,
          layout_vaults_maze
Vaults:4: ebering_ghost_disaster_area, st_spiral_rooms, v_pattern_1,
          nicolae_vaults_twisting_passages, vaults_room_stairs_pillars,
          v_rooms_2, vaults_room_semicircle, layout_vaults_omnigrid,
          serial_shops, nicolae_shop_bloodbath_and_beyond, uniq_xtahua
Vaults:5: serial_shops
Depths:1: layout_long_grid, enter_ziggurat_e, lightli_too_deep,
          abyss_entry_flame_altar, hangedman_abyss_or_decor_passed,
          nicolae_hepliaklqana_hazy_memory, firewood_loft,
          kennysheep_random_hallway
Abyss:2:  base:
Orc:2

Skill      XL: |  1  2  3  4  5  6  7  8  9 10 11 12 13 14 15 16 17 18 19 20 21 22 |
---------------+-------------------------------------------------------------------+-----
Unarmed Combat | 1 2 3 5 6 7 8 9 10 | 10.6
Stealth        | 2 3 4 5 6 7 8 9 10 | 10.6
Fighting       | 2 3 4 5 6 7 8 10 11 12 | 12.4
Dodging        | 3 4 5 6 7 8 10 13 15 16 17 | 17.0
Evocations     | 4 5 6 7 |  7.8
Transmutations | 1 3 4 5 6 7 9 11 12 14 | 14.0
Ice Magic      | 1 3 4 5 7 |  7.4
Translocations | 1 3 4 6 |  6.6
Invocations    | 3 6 8 9 |  9.5
Shields        | 2 3 5 6 8 13 14 | 14.0
Poison Magic   | 6 10 | 10.0
Spellcasting   | 3 5 6 7 8 11 14 | 14.9
Summonings     | 6 9 10 14 16 | 16.0
Air Magic      | 6 9 |  9.0

Action                   |  1- 3 |  4- 6 |  7- 9 | 10-12 | 13-15 | 16-18 | 19-21 | 22-24 || total
-------------------------+-------+-------+-------+-------+-------+-------+-------+-------++-------
Melee: Unarmed           |    34 |    36 |   270 |   288 |   771 |   793 |   890 |   298 ||  3380
       Constrict         |    10 |     9 |    76 |    66 |    96 |   160 |   135 |    37 ||   589
       Tentacles         |     9 |     9 |    81 |   103 |   262 |   275 |   399 |   129 ||  1267
       Punch             |       |       |    18 |    39 |    76 |    95 |   142 |    34 ||   404
       Staff             |       |       |       |       |       |       |    76 |       ||    76
Throw: Dart              |       |       |       |     2 |     8 |       |       |       ||    10
 Cast: Ozocubu's Armour  |       |       |       |    25 |    51 |    18 |     2 |     1 ||    97
       Wereblood         |       |       |       |     8 |    31 |     8 |     1 |     2 ||    50
       Gell's Gravitas   |       |       |       |     5 |     3 |     5 |     1 |       ||    14
       Olgreb's Toxic Ra |       |       |       |       |     6 |    19 |     7 |    10 ||    42
       Eringya's Noxious |       |       |       |       |       |    12 |    19 |    12 ||    43
       Ignite Poison     |       |       |       |       |       |     2 |       |     1 ||     3
       Summon Lightning  |       |       |       |       |       |    23 |    75 |    24 ||   122
       Alistair's Intoxi |       |       |       |       |       |     6 |     5 |       ||    11
       Apportation       |       |       |       |       |       |       |     4 |    10 ||    14
       Freezing Cloud    |       |       |       |       |       |       |       |     6 ||     6
       Summon Horrible T |       |       |       |       |       |       |       |     1 ||     1
       Malign Gateway    |       |       |       |       |       |       |       |     1 ||     1
Invok: Slouch            |       |       |       |    10 |    14 |    15 |    18 |    11 ||    68
Evoke: Wand              |     5 |    10 |    12 |    24 |    16 |     9 |     9 |     2 ||    87
       Tin of tremorston |       |       |       |       |       |     1 |       |       ||     1
       Box of beasts     |       |       |       |       |       |       |     1 |       ||     1
  Use: Potion            |       |     1 |     2 |     5 |     4 |     9 |     7 |     2 ||    30
       Scroll            |       |       |    15 |     8 |     7 |     8 |     9 |     2 ||    49
 Stab: Sleeping          |     4 |       |    31 |     2 |    18 |    23 |    20 |     1 ||    99
       Paralysed         |       |       |     8 |     5 |     3 |     8 |     3 |       ||    27
       Betrayed ally     |       |       |       |     1 |     1 |       |       |       ||     2
       Distracted        |       |       |       |     1 |     2 |     9 |    33 |     9 ||    54
       Confused          |       |       |       |       |       |     1 |     2 |       ||     3
Armor: Skin              |     5 |     3 |     8 |    18 |    85 |    11 |     5 |       ||   135
Dodge: Dodged            |    19 |    43 |   182 |   199 |   722 |   602 |   944 |   246 ||  2957
Block: Buckler           |       |       |       |    41 |   345 |       |       |       ||   386
       Kite shield       |       |       |       |       |    53 |   559 |  1168 |   273 ||  2053

Table legend: (Time is in decaauts)
 A = Elapsed time spent in this place.
 B = Non-inter-level travel time spent in this place.
 C = Inter-level travel time spent in this place.
 D = Time resting spent in this place.
 E = Time spent auto-exploring this place.
 F = Levels seen in this place.
 G = Mean time per level.
                   A        B        C        D        E       F      G
               +--------+--------+--------+--------+--------+-----+--------+
         Total |  36263 |  30138 |   6125 |     72 |   3627 |  45 |  805.8 |
       Dungeon |  13535 |  10849 |   2686 |     54 |   3482 |  15 |  902.3 |
        Temple |     25 |     14 |     11 |      0 |      0 |   1 |   25.0 |
          Lair |   4535 |   3489 |   1046 |      0 |      0 |   5 |  907.0 |
        Shoals |    389 |    389 |      0 |      0 |      0 |   3 |  129.7 |
     Snake Pit |   3710 |   3176 |    534 |      0 |      0 |   4 |  927.5 |
  Orcish Mines |   2109 |   1556 |    553 |      6 |      0 |   2 | 1054.5 |
   Elven Halls |   2662 |   2248 |    414 |     11 |     23 |   3 |  887.3 |
        Vaults |   6742 |   5865 |    877 |      0 |     54 |   5 | 1348.4 |
        Depths |      5 |      5 |      0 |      0 |      0 |   1 |    5.0 |
         Abyss |    188 |    188 |      0 |      0 |      0 |   2 |   94.0 |
       Ossuary |    179 |    179 |      0 |      0 |     67 |   1 |  179.0 |
      Ice Cave |    605 |    605 |      0 |      0 |      0 |   1 |  605.0 |
        Wizlab |    596 |    596 |      0 |      0 |      0 |   1 |  596.0 |
    Desolation |    978 |    978 |      0 |      0 |      0 |   1 |  978.0 |
               +--------+--------+--------+--------+--------+-----+--------+

Top non-repeatable levels by time:
Vaults:4: 2001 daAuts
Vaults:5: 1753 daAuts
   Orc:2: 1485 daAuts
    D:11: 1443 daAuts
  Lair:5: 1429 daAuts
   Elf:3: 1335 daAuts
 Snake:4: 1309 daAuts
     D:7: 1226 daAuts
    D:15: 1098 daAuts
     D:5: 1097 daAuts
Vaults:2: 1091 daAuts
  Lair:2: 1087 daAuts
 Snake:3: 1081 daAuts
   Elf:1: 1023 daAuts
    D:13: 1001 daAuts
